[Event "Titled Tuesday Blitz November 16 2021"]
[White "Erdogdu, Mert"]
[Black "Bortnyk, Olexandr"]
[WhiteFideId "6301495"]
[BlackFideId "14120828"]
[WhiteElo "2485"]
[BlackElo "2723"]
[Result "1/2-1/2"]
[Round "03"]
[TimeControl "180+1"]
[Date "2021.11.16"]
[WhiteClock "0:00:14"]
[BlackClock "0:00:09"]

1. e4 Nf6 2. e5 Nd5 3. c4 Nb6 4. d4 d6 5. exd6 exd6 6. Nc3 Be7 7. Bd3 O-O 8. h3 Nc6 9. Nf3 Bf6 10. O-O Re8 11. b3 a5 12. Be3 a4 13. Rc1 axb3 14. axb3 Nb4 15. d5 Nxd3 16. Qxd3 Nd7 17. Ne4 Ne5 18. Nxf6+ Qxf6 19. Nxe5 Qxe5 20. Bd4 Bf5 21. Qc3 Qf4 22. Bxg7 Re2 23. Bd4 Raa2 24. Rce1 h5 25. Rxe2 Rxe2 26. Ra1 Kh7 27. Be3 Qe5 28. Qxe5 dxe5 29. Ra7 Bc8 30. Ra8 Bf5 31. Re8 c6 32. Rxe5 Kg6 33. d6 Re1+ 34. Kh2 Rd1 35. c5 Be6 36. g4 hxg4 37. hxg4 Bxb3 38. Re7 Be6 39. Rxb7 Bxg4 40. Kg3 Be6 41. Rc7 Bd5 42. Kf4 Kf6 43. Rc8 Ke6 44. Re8+ Kd7 45. Re7+ Kd8 46. Ke5 Be6 47. Kf6 Rd5 48. Ra7 Rf5+ 49. Kg7 Rd5 50. Rc7 Bd7 51. Kxf7 Rf5+ 52. Kg6 Rf3 53. Bg5+ Ke8 54. Be3 Bf5+ 55. Kg5 Bd7 56. Ra7 Bf5 57. Re7+ Kd8 58. Bf4 Bd7 59. Be5 Rxf2 60. Bf6 Rf5+ 61. Kg6 Kc8 62. Rf7 Rxc5 63. Rf8+ Kb7 64. Kf7 Rc2 65. Ke7 Bg4 66. Be5 Re2 67. Kf6 Rf2+ 68. Ke7 Rxf8 69. Kxf8 c5 70. Ke7 Kc6 71. Bc3 c4 72. Bd4 Kd5 73. Bc3 Kc6 74. Bd4 Kd5 75. Bc3 Ke4 76. Bb4 Kd3 77. Ba5 Kd4 78. Bb4 c3 79. Bxc3+ Kxc3 80. d7 Bxd7 1/2-1/2


[Site "https://www.chess.com"]

[Event "Titled Tuesday Blitz November 16 2021"]
[White "Gabrielian, Artur"]
[Black "Xiong, Jeffery"]
[WhiteFideId "4131002"]
[BlackFideId "2047640"]
[WhiteElo "2440"]
[BlackElo "2699"]
[Result "0-1"]
[Round "03"]
[TimeControl "180+1"]
[Date "2021.11.16"]
[WhiteClock "0:00:06"]
[BlackClock "0:00:49"]

1. e4 c5 2. Nf3 d6 3. d4 Nf6 4. Nc3 cxd4 5. Nxd4 a6 6. h3 e5 7. Nde2 h5 8. Bg5 Be7 9. Bxf6 Bxf6 10. Nd5 Bg5 11. g3 h4 12. f4 Bh6 13. Qd3 hxg3 14. Qxg3 Be6 15. O-O-O Bxd5 16. Rxd5 exf4 17. Nxf4 Nd7 18. Kb1 Nf6 19. Rd1 Rc8 20. Bd3 Bxf4 21. Qxf4 Rh5 22. Rhg1 Kf8 23. h4 Qe7 24. Rg5 Rc5 25. Rdg1 g6 26. a3 Kg7 27. R1g3 Rcxg5 28. Rxg5 Rxg5 29. hxg5 Nd7 30. Bc4 b5 31. Bd5 f6 32. gxf6+ Nxf6 33. Qf3 Nxd5 34. exd5 Qe5 35. Qd3 g5 36. a4 g4 37. axb5 axb5 38. Qxb5 g3 39. Qd7+ Kf6 40. Qd8+ Kf5 41. Qc8+ Kf4 42. Qf8+ Ke3 43. Qh6+ Kf3 44. Qf8+ Ke2 45. Qg8 Qf4 46. Qe6+ Kf2 0-1


[Site "https://www.chess.com"]

[Event "Titled Tuesday Blitz November 16 2021"]
[White "Goltsev, Dmitry"]
[Black "Al-Tarboush, Ward"]
[WhiteFideId "24176710"]
[BlackFideId "7601450"]
[WhiteElo "2259"]
[BlackElo "2276"]
[Result "1-0"]
[Round "03"]
[TimeControl "180+1"]
[Date "2021.11.16"]
[WhiteClock "0:00:20"]
[BlackClock "0:00:05"]

1. e4 e6 2. d4 d5 3. exd5 exd5 4. Bd3 Nc6 5. Nf3 Bg4 6. c3 Bd6 7. h3 Bh5 8. O-O Nge7 9. Re1 Qd7 10. b4 f6 11. a4 O-O-O 12. Nbd2 g5 13. Nb3 Rdg8 14. b5 Nd8 15. Nc5 Bxc5 16. dxc5 g4 17. Nh4 c6 18. Kh2 Qc7+ 19. g3 Nf7 20. Bf4 Ne5 21. Nf5 N7g6 22. Nd6+ Kb8 23. bxc6 Qxc6 24. Bxg6 hxg6 25. Bxe5 fxe5 26. Rxe5 gxh3 27. Qxd5 Qxd5 28. Rxd5 Bf3 29. Re5 Bc6 30. Rb1 Rf8 31. f4 Rh7 32. a5 a6 33. Rg5 Rf6 34. Re1 Rh8 35. Re7 Ka7 36. Rg7 Rh6 37. Nf7 Rh5 38. Rxh5 gxh5 39. Kxh3 Rf5 40. Ne5 Be4 41. c6 Rf8 42. Rxb7+ Ka8 43. Rg7 Rd8 44. Rd7 Rc8 45. c7 Kb7 46. Nf7 Rxc7 47. Nd6+ Kc6 48. Rxc7+ Kxd6 49. Ra7 Bd3 50. Kh4 Be2 51. Rh7 Kc5 1-0


[Site "https://www.chess.com"]

[Event "Titled Tuesday Blitz November 16 2021"]
[White "Gurel, Ediz"]
[Black "Taichman, Ori"]
[WhiteFideId "44507356"]
[BlackFideId "2804069"]
[WhiteElo "1726"]
[BlackElo "2227"]
[Result "1-0"]
[Round "03"]
[TimeControl "180+1"]
[Date "2021.11.16"]
[WhiteClock "0:01:09"]
[BlackClock "0:00:05"]

1. e4 c5 2. Nf3 Nc6 3. d4 cxd4 4. Nxd4 d5 5. Nxc6 bxc6 6. exd5 Qxd5 7. Bd2 e5 8. Nc3 Qe6 9. Bd3 Nf6 10. O-O Bd6 11. Qe2 O-O 12. Bc4 Qf5 13. Bd3 Qg4 14. Qxg4 Bxg4 15. Ne4 Nxe4 16. Bxe4 Rab8 17. b3 Bd7 18. Bc3 f5 19. Rfd1 Rf6 20. Bd3 Kf8 21. Bc4 Ke7 22. Rxd6 Kxd6 23. Rd1+ Ke7 24. Bxe5 Re8 25. Bxf6+ Kxf6 26. Rxd7 Re1+ 27. Bf1 Rc1 28. Rxa7 Rxc2 29. g3 g5 30. a4 f4 31. gxf4 gxf4 32. Kg2 f3+ 33. Kxf3 Rc3+ 34. Kg2 Rxb3 35. a5 Ra3 36. a6 h5 37. Rc7 h4 38. Rxc6+ Kg5 39. h3 Kf4 40. Rc4+ Kg5 41. Rg4+ Kh5 42. Be2 Ra2 43. Ra4+ Rxe2 44. a7 Re6 45. a8=Q Rg6+ 46. Kf1 Rg7 47. Qh8+ Kg6 48. Rg4+ Kf5 49. Qxg7 1-0


[Site "https://www.chess.com"]

[Event "Titled Tuesday Blitz November 16 2021"]
[White "Harshavardhan G B"]
[Black "Terry, Renato"]
[WhiteFideId "25059009"]
[BlackFideId "3803457"]
[WhiteElo "1825"]
[BlackElo "2577"]
[Result "0-1"]
[Round "03"]
[TimeControl "180+1"]
[Date "2021.11.16"]
[WhiteClock "0:00:55"]
[BlackClock "0:00:36"]

1. Nf3 Nf6 2. c4 b6 3. Nc3 Bb7 4. g3 c5 5. Bg2 g6 6. O-O Bg7 7. b3 d5 8. cxd5 Nxd5 9. Bb2 Nc6 10. Rc1 Rc8 11. Qc2 Nd4 12. Qd1 Nxc3 13. Bxc3 Bxf3 14. Bxd4 Bxe2 15. Bxg7 Bxd1 16. Bxh8 Bg4 17. Bc3 Be6 18. Rfe1 Bd5 19. Bf1 Qd7 20. Re3 Kf8 21. Rce1 e6 22. h4 h5 23. Bh3 b5 24. g4 hxg4 25. Bxg4 b4 26. Bf6 Qd6 27. Re5 Ke8 28. h5 gxh5 29. Rxh5 Qf4 30. Rxd5 Qxg4+ 31. Kf1 Qh3+ 32. Kg1 Qg4+ 33. Kf1 Qf3 0-1


[Site "https://www.chess.com"]

[Event "Titled Tuesday Blitz November 16 2021"]
[White "Khanin, Semen"]
[Black "Gontcharov, Vladislav"]
[WhiteFideId "4111990"]
[BlackFideId "4123492"]
[WhiteElo "2442"]
[BlackElo "2503"]
[Result "1-0"]
[Round "03"]
[TimeControl "180+1"]
[Date "2021.11.16"]
[WhiteClock "0:01:06"]
[BlackClock "0:01:38"]

1. c4 Nf6 2. Nc3 c5 3. g3 Nc6 4. Bg2 g6 5. d3 Bg7 6. Nf3 O-O 7. Bd2 b6 8. Qc1 Re8 9. Bh6 Bh8 10. h4 Bb7 11. h5 d5 12. hxg6 fxg6 13. Qg5 dxc4 14. O-O-O Nd4 15. Nh4 Ne6 16. Qe5 Qd7 17. Bxb7 Ng4 18. Qd5 1-0


[Site "https://www.chess.com"]

[Event "Titled Tuesday Blitz November 16 2021"]
[White "Le, Tuan Minh"]
[Black "Stribuk, Artiom"]
[WhiteFideId "12401153"]
[BlackFideId "13515659"]
[WhiteElo "2450"]
[BlackElo "2224"]
[Result "1-0"]
[Round "03"]
[TimeControl "180+1"]
[Date "2021.11.16"]
[WhiteClock "0:00:13"]
[BlackClock "0:00:01"]

1. d4 Nf6 2. Nf3 g6 3. Bg5 Bg7 4. Nbd2 O-O 5. c3 d5 6. e3 Nbd7 7. Bd3 Re8 8. O-O e5 9. e4 h6 10. Bxf6 Bxf6 11. exd5 exd4 12. Nxd4 Nb6 13. Qf3 Nxd5 14. Bc4 c6 15. Bxd5 cxd5 16. N2b3 Qd6 17. Rfe1 Bd7 18. h3 Kg7 19. Rad1 a5 20. Qd3 a4 21. Nc1 a3 22. b3 Qc5 23. Nce2 Rac8 24. Rd2 Re4 25. Red1 h5 26. Ng3 Ree8 27. Nge2 Re4 28. Ng3 Ree8 29. Nde2 Bb5 30. Qf3 Bc6 31. Nf4 Be5 32. Nxd5 Bxd5 33. Rxd5 Qxc3 34. R5d3 Qc2 35. Rd7 Rf8 36. Ne4 Qxa2 37. Ng5 Kg8 38. Rxf7 Bg7 39. Qd5 1-0


[Site "https://www.chess.com"]

[Event "Titled Tuesday Blitz November 16 2021"]
[White "Leitao, Rafael"]
[Black "Tari, Aryan"]
[WhiteFideId "2101246"]
[BlackFideId "1510045"]
[WhiteElo "2609"]
[BlackElo "2656"]
[Result "0-1"]
[Round "03"]
[TimeControl "180+1"]
[Date "2021.11.16"]
[WhiteClock "0:00:40"]
[BlackClock "0:01:40"]

1. c4 c6 2. e4 d5 3. exd5 cxd5 4. d4 Nf6 5. Nc3 g6 6. cxd5 Bg7 7. Bc4 O-O 8. Nge2 b6 9. O-O Ba6 10. Bb3 b5 11. a3 Nbd7 12. Re1 Nb6 13. Nf4 Qd7 14. Nd3 Bc8 15. Nc5 Qd8 16. Qf3 Bg4 0-1


[Site "https://www.chess.com"]

[Event "Titled Tuesday Blitz November 16 2021"]
[White "Levitskiy, Andrey"]
[Black "Antipov, Mikhail Al."]
[WhiteFideId "14132885"]
[BlackFideId "4107012"]
[WhiteElo "2340"]
[BlackElo "2587"]
[Result "0-1"]
[Round "03"]
[TimeControl "180+1"]
[Date "2021.11.16"]
[WhiteClock "0:00:08"]
[BlackClock "0:00:52"]

1. e4 c5 2. Nf3 d6 3. d4 cxd4 4. Nxd4 Nf6 5. Nc3 a6 6. h3 e6 7. g4 h6 8. Bg2 Nc6 9. Be3 g5 10. Qe2 Ne5 11. O-O-O Qc7 12. Kb1 b5 13. Nb3 b4 14. Na4 Nfd7 15. h4 Rg8 16. hxg5 hxg5 17. Nd4 Nc4 18. Bc1 Rb8 19. Rh6 Bxh6 20. b3 Na3+ 21. Ka1 Bg7 22. Bxa3 bxa3 23. c3 Nb6 24. e5 Nxa4 25. exd6 Qxc3+ 0-1


[Site "https://www.chess.com"]

[Event "Titled Tuesday Blitz November 16 2021"]
[White "Macovei, Andrei"]
[Black "Holt, Conrad"]
[WhiteFideId "13904680"]
[BlackFideId "2034387"]
[WhiteElo "2389"]
[BlackElo "2586"]
[Result "0-1"]
[Round "03"]
[TimeControl "180+1"]
[Date "2021.11.16"]
[WhiteClock "0:00:03"]
[BlackClock "0:00:29"]

1. e4 e6 2. d4 d5 3. Nd2 c5 4. exd5 Qxd5 5. Ngf3 cxd4 6. Bc4 Qd6 7. O-O Nf6 8. Nb3 Be7 9. Nbxd4 O-O 10. Re1 Rd8 11. Qe2 Nc6 12. Nb5 Qc5 13. Be3 Qh5 14. Rad1 Bd7 15. Nd6 Rab8 16. Nxf7 Kxf7 17. Ng5+ Ke8 18. Qxh5+ Nxh5 19. Nxe6 Bxe6 20. Bxe6 Rxd1 21. Rxd1 Rd8 22. Rxd8+ Kxd8 23. c3 Nf6 24. Kf1 Kc7 25. Ke2 Bd6 26. g3 Ne7 27. a4 a6 28. Kd3 Kc6 29. b4 Ned5 30. Bd4 Bc7 31. a5 Kd6 32. Bc8 Kc6 33. Kc4 Ne7 34. Be6 Ne8 35. Bc5 Bd6 36. Bd4 Bc7 37. Bh3 Nd6+ 38. Kd3 g6 39. Bg2+ Kd7 40. Bc5 Nc6 41. c4 Ne5+ 42. Kc3 Nexc4 43. Bxb7 Nxb7 44. Kxc4 Kc6 45. Bd4 Nd6+ 46. Kb3 Kd5 47. Be3 Nb5 48. Bd2 Be5 49. Be3 Bd4 0-1


[Site "https://www.chess.com"]

[Event "Titled Tuesday Blitz November 16 2021"]
[White "Maksimovic, Bojan"]
[Black "Demchenko, Anton"]
[WhiteFideId "14408120"]
[BlackFideId "4160258"]
[WhiteElo "2439"]
[BlackElo "2583"]
[Result "0-1"]
[Round "03"]
[TimeControl "180+1"]
[Date "2021.11.16"]
[WhiteClock "0:00:03"]
[BlackClock "0:00:23"]

1. Nf3 Nf6 2. c4 g6 3. b3 Bg7 4. Bb2 d6 5. d4 O-O 6. g3 Nbd7 7. Bg2 e5 8. dxe5 dxe5 9. O-O e4 10. Ne1 Re8 11. Nc2 h5 12. Ne3 h4 13. Nc3 c6 14. Qc2 Qe7 15. Rfd1 Nf8 16. a4 hxg3 17. hxg3 N8h7 18. Ba3 Qe5 19. Bb2 Qh5 20. Nxe4 Nxe4 21. Bxg7 Nxg3 22. Bb2 Nxe2+ 23. Kf1 Nf4 24. Qc3 Qe2+ 25. Kg1 Qxd1+ 26. Rxd1 Ne2+ 27. Kf1 Nxc3 28. Bxc3 Be6 29. a5 a6 30. Rc1 Rad8 31. Nc2 f6 32. Nd4 Bc8 33. Ne2 Kf7 34. Nf4 Ng5 35. f3 Ne6 36. Ne2 Nc5 37. b4 Nd3 38. Rc2 Bf5 39. Nd4 Nxb4 40. Rb2 Bd3+ 41. Kf2 c5 42. Nb3 Bxc4 43. Nxc5 Nd3+ 44. Nxd3 Rxd3 45. Rxb7+ Re7 46. Rxe7+ Kxe7 47. Bb4+ Kd7 48. Bf1 Rb3 49. Bxc4 Rxb4 50. Bxa6 Kd6 51. Bd3 f5 52. a6 Ra4 53. Ke3 Ke5 54. Bb5 Ra3+ 55. Kd2 g5 56. Kc2 Ra5 57. Bd3 g4 58. fxg4 fxg4 59. Kc3 g3 60. Kb4 Rxa6 61. Bxa6 g2 0-1


[Site "https://www.chess.com"]

[Event "Titled Tuesday Blitz November 16 2021"]
[White "Nagy, Gabor"]
[Black "Spata, German"]
[WhiteFideId "737119"]
[BlackFideId "113026"]
[WhiteElo "2534"]
[BlackElo "2238"]
[Result "1-0"]
[Round "03"]
[TimeControl "180+1"]
[Date "2021.11.16"]
[WhiteClock "0:01:38"]
[BlackClock "0:00:18"]

1. e4 e6 2. d4 d5 3. Bd3 dxe4 4. Bxe4 Nf6 5. Bf3 Be7 6. Nc3 O-O 7. Nge2 c5 8. O-O Nc6 9. Be3 cxd4 10. Nxd4 Ne5 11. Be2 Bd7 12. Bf4 Nc6 13. Nb3 Nb4 14. a3 Nbd5 15. Nxd5 Nxd5 16. Bg3 Bh4 17. c4 Bxg3 18. hxg3 Nf6 19. Bf3 Qc7 20. Qd4 Rfd8 21. Qc5 Qxc5 22. Nxc5 Bc6 23. Bxc6 bxc6 24. Rfd1 Kf8 25. b4 Ke7 26. f3 Rxd1+ 27. Rxd1 Rd8 28. Rxd8 Kxd8 29. Kf2 Nd7 30. Nd3 f6 31. Ke3 Nb6 32. Kd4 e5+ 33. Kc5 Kc7 34. b5 Nd7+ 35. Kb4 cxb5 36. cxb5 Nb6 37. a4 Nd5+ 38. Kc5 Ne3 39. a5 Nxg2 40. b6+ axb6+ 41. axb6+ Kb7 42. Kb5 Ne3 43. Nc5+ Kc8 44. Kc6 Nc4 45. b7+ 1-0


[Site "https://www.chess.com"]

[Event "Titled Tuesday Blitz November 16 2021"]
[White "Nesterov, Arseniy"]
[Black "Atakishiyev, Elmar"]
[WhiteFideId "24198455"]
[BlackFideId "13410547"]
[WhiteElo "2489"]
[BlackElo "2088"]
[Result "1-0"]
[Round "03"]
[TimeControl "180+1"]
[Date "2021.11.16"]
[WhiteClock "0:00:04"]
[BlackClock "0:00:02"]

1. d4 Nf6 2. c4 g6 3. Nc3 Bg7 4. e4 d6 5. Be2 O-O 6. Be3 e5 7. d5 Na6 8. g4 Nc5 9. f3 h5 10. g5 Nh7 11. h4 a5 12. Qd2 f6 13. gxf6 Rxf6 14. O-O-O Bd7 15. Nh3 Qf8 16. Rdg1 a4 17. Rg3 Qf7 18. Ng5 Nxg5 19. Bxg5 Rf4 20. Rhg1 Kh7 21. Bxf4 exf4 22. Rxg6 Qxg6 23. Rxg6 Kxg6 24. Bf1 Bf6 25. Kc2 Be5 26. Qg2+ Kf7 27. Qg5 Rg8 28. Qxh5+ Ke7 29. Ne2 b5 30. cxb5 a3 31. b4 Na4 32. Qh7+ Rg7 33. Qh6 Rf7 34. Qg5+ Bf6 35. Qxf4 Bxb5 36. Qe3 Nb6 37. Ng3 Ba4+ 38. Kd2 Bd7 39. h5 Be5 40. Nf5+ Bxf5 41. exf5 Rf6 42. Qg5 Nxd5 43. Kc2 Bf4 44. Qg7+ Rf7 45. Qg6 Ne3+ 46. Kb3 Nxf1 47. Qe6+ Kf8 48. f6 Nd2+ 49. Ka4 Kg8 50. Qe8+ Rf8 51. Qg6+ 1-0


[Site "https://www.chess.com"]

[Event "Titled Tuesday Blitz November 16 2021"]
[White "Noboa Silva, Kevin"]
[Black "Remizov, Yaroslav"]
[WhiteFideId "3618471"]
[BlackFideId "34134015"]
[WhiteElo "2161"]
[BlackElo "2325"]
[Result "0-1"]
[Round "03"]
[TimeControl "180+1"]
[Date "2021.11.16"]
[WhiteClock "0:00:04"]
[BlackClock "0:02:13"]

1. d4 Nf6 2. c4 d6 3. Nc3 e5 4. dxe5 dxe5 5. Qxd8+ Kxd8 6. Bg5 Be6 7. O-O-O Nd7 8. e3 c6 9. Nf3 Kc7 10. Be2 Bb4 11. Kc2 Bxc3 12. Kxc3 Ne4+ 13. Kc2 Nxf2 14. Rxd7+ Bxd7 15. Rf1 Bf5+ 16. Kb3 Ne4 17. Ka3 Nxg5 18. Nxg5 Bg6 19. Nxf7 Rhf8 20. Nxe5 Rxf1 21. Bxf1 Re8 22. Nf3 Rxe3+ 23. b3 Bd3 24. Bxd3 Rxd3 25. c5 Re3 26. Kb4 Re2 27. g3 Rxa2 28. h4 Rg2 29. Ng5 Rxg3 30. Nxh7 Rg4+ 31. Kc3 Rxh4 32. Nf8 Re4 33. Kd3 Re5 34. Kd4 Re8 35. Ng6 b6 36. cxb6+ Kxb6 37. b4 Kb5 0-1


[Site "https://www.chess.com"]

[Event "Titled Tuesday Blitz November 16 2021"]
[White "Ozen, Bahadir"]
[Black "Golubev, Mikhail"]
[WhiteFideId "6337058"]
[BlackFideId "14100983"]
[WhiteElo "2503"]
[BlackElo "2374"]
[Result "1-0"]
[Round "03"]
[TimeControl "180+1"]
[Date "2021.11.16"]
[WhiteClock "0:00:26"]
[BlackClock "0:00:02"]

1. Nf3 d6 2. d4 Nf6 3. Bg5 Nbd7 4. e3 g6 5. Be2 Bg7 6. O-O O-O 7. a4 a5 8. Na3 c6 9. c3 Re8 10. Bh4 Nf8 11. Nc4 Be6 12. Ng5 Bd7 13. Qb3 Nd5 14. Nxf7 Kxf7 15. e4 g5 16. Bh5+ Kg8 17. exd5 gxh4 18. Nb6 Kh8 19. Nxa8 Qxa8 20. Bxe8 Bxe8 21. dxc6 bxc6 22. Rae1 Ng6 23. Qe6 Bf6 24. f4 Kg7 25. Qg4 Kh8 26. f5 Nf8 27. Rf2 Qb8 28. Rfe2 Qc7 29. Kh1 Bf7 30. b4 Bg8 31. bxa5 Qxa5 32. Rxe7 Qxc3 33. Re8 c5 34. dxc5 dxc5 35. Rd1 Bg7 36. Rf1 Bf7 37. f6 Bxe8 1-0


[Site "https://www.chess.com"]

[Event "Titled Tuesday Blitz November 16 2021"]
[White "Paravyan, David"]
[Black "Yanchenko, Roman"]
[WhiteFideId "4194985"]
[BlackFideId "4137329"]
[WhiteElo "2639"]
[BlackElo "2514"]
[Result "1-0"]
[Round "03"]
[TimeControl "180+1"]
[Date "2021.11.16"]
[WhiteClock "0:00:12"]
[BlackClock "0:00:11"]

1. e4 e6 2. d4 d5 3. Nc3 Bb4 4. e5 Ne7 5. a3 Bxc3+ 6. bxc3 b6 7. Qg4 Kf8 8. a4 Ba6 9. Bxa6 Nxa6 10. Ne2 c5 11. a5 h6 12. axb6 axb6 13. Ng3 Nc7 14. Rb1 Rb8 15. O-O Qe8 16. dxc5 bxc5 17. Ba3 Na6 18. Nh5 Nf5 19. Qe2 Ra8 20. Rb6 Qa4 21. Ra1 Qa5 22. Rxa6 Rxa6 23. Qxa6 Qxa6 24. Bxc5+ Kg8 25. Rxa6 Kh7 26. g3 Rc8 27. Bb4 d4 28. Ra7 Kg8 29. Nf4 dxc3 30. Ne2 Rc4 31. Bxc3 g5 32. Rd7 Kg7 33. Rd3 Rc6 34. Nd4 Nxd4 35. Bxd4 Rxc2 36. h3 Rc4 37. Kg2 Kg6 38. Bb6 Ra4 39. Bd8 Ra8 40. Bf6 h5 41. g4 hxg4 42. hxg4 Ra4 43. Kg3 Kh7 44. Bxg5 Kg6 45. Bf6 Rb4 46. Re3 Rc4 47. f3 Rc1 48. Rd3 Rg1+ 49. Kf4 Ra1 50. Be7 Ra4+ 51. Kg3 Ra7 52. Bd6 Ra6 53. Rc3 Ra4 54. Rc8 Kg7 55. Bf8+ Kh7 56. Be7 Ra2 57. Bf6 Ra7 58. Rh8+ Kg6 59. Rg8+ Kh7 60. Rg7+ Kh6 61. g5+ Kh5 62. g6 Ra4 63. gxf7 Rg4+ 64. Rxg4 Kh6 65. f8=Q+ 1-0


[Site "https://www.chess.com"]

[Event "Titled Tuesday Blitz November 16 2021"]
[White "Perez Ponsa, Federico"]
[Black "Papasimakopoulos, Alexandros"]
[WhiteFideId "117927"]
[BlackFideId "4244125"]
[WhiteElo "2672"]
[BlackElo "2394"]
[Result "1-0"]
[Round "03"]
[TimeControl "180+1"]
[Date "2021.11.16"]
[WhiteClock "0:00:07"]
[BlackClock "0:00:20"]

1. e4 e6 2. d4 d5 3. e5 b6 4. c3 Qd7 5. Nh3 Ne7 6. Nf4 Nf5 7. h4 Ba6 8. g4 Bxf1 9. gxf5 Ba6 10. fxe6 fxe6 11. Qg4 Bc8 12. Rg1 Nc6 13. Nh5 Qf7 14. Nxg7+ Bxg7 15. Qxg7 Rf8 16. Qxf7+ Rxf7 17. Bg5 Kd7 18. Nd2 Ba6 19. O-O-O Rxf2 20. Bf6 Bd3 21. Rg7+ Kc8 22. Rdg1 Kb7 23. R7g2 Rxg2 24. Rxg2 Bg6 25. Nf1 Re8 26. Rg5 Ne7 27. h5 Bd3 28. Ne3 Nf5 29. Ng2 Be4 30. Nf4 Ne3 31. Rg7 Bf5 32. b3 a5 33. Kd2 Ng4 34. c4 dxc4 35. bxc4 Rf8 36. Be7 Rc8 37. Kc3 Ka6 38. a4 Kb7 39. Bh4 Rf8 40. Be7 Rc8 41. Rf7 Kb8 42. Ba3 Nh6 43. Re7 Ng4 44. Nxe6 Bxe6 45. Rxe6 Rg8 46. Re7 h6 47. e6 Ne3 48. Rf7 Re8 49. e7 Kc8 50. Rf6 Kd7 51. Rxh6 Nf5 52. Rf6 Ng7 53. h6 Ne6 54. h7 Ng5 55. Rh6 Rh8 56. Bc1 Ne4+ 57. Kd3 Nf2+ 58. Kc2 Kxe7 59. Bg5+ Kf7 60. Bf6 Ng4 61. Bxh8 Nxh6 62. Be5 Ng4 63. h8=Q 1-0


[Site "https://www.chess.com"]

[Event "Titled Tuesday Blitz November 16 2021"]
[White "Pichot, Alan"]
[Black "Gurevich, Dmitry"]
[WhiteFideId "110973"]
[BlackFideId "2000407"]
[WhiteElo "2600"]
[BlackElo "2506"]
[Result "1-0"]
[Round "03"]
[TimeControl "180+1"]
[Date "2021.11.16"]
[WhiteClock "0:00:22"]
[BlackClock "0:00:01"]

1. e4 c5 2. Nf3 d6 3. d4 cxd4 4. Nxd4 Nf6 5. Nc3 Nc6 6. Bg5 g6 7. Bb5 Bd7 8. Bxf6 exf6 9. Nde2 Be7 10. O-O O-O 11. Nd5 f5 12. exf5 Bxf5 13. Ng3 Be6 14. Ne4 Bf5 15. Re1 Bxe4 16. Rxe4 Bf6 17. c3 a6 18. Bf1 Rc8 19. g3 Bg7 20. Bg2 Re8 21. Qe2 Rxe4 22. Qxe4 Qe8 23. Qg4 Qe6 24. Qf3 Ne5 25. Qe2 Kf8 26. Re1 Nd3 27. Qxe6 fxe6 28. Rxe6 Nxb2 29. Rxd6 Na4 30. Bh3 Re8 31. Rd7 Nc5 32. Rc7 Nd3 33. Rxb7 Re1+ 34. Bf1 Ne5 35. Kg2 Ra1 36. Nf4 Bh6 37. Ne6+ Kg8 38. f4 Ng4 39. Be2 Rxa2 40. Kf3 Nxh2+ 41. Ke3 g5 42. Bc4 gxf4+ 43. gxf4 Ng4+ 44. Kf3 Nf6 45. Bxa2 1-0


[Site "https://www.chess.com"]

[Event "Titled Tuesday Blitz November 16 2021"]
[White "Pranav, V"]
[Black "Tanenbaum, Zachary"]
[WhiteFideId "25060783"]
[BlackFideId "2060850"]
[WhiteElo "2351"]
[BlackElo "2168"]
[Result "1-0"]
[Round "03"]
[TimeControl "180+1"]
[Date "2021.11.16"]
[WhiteClock "0:00:10"]
[BlackClock "0:00:08"]

1. e4 e5 2. Nf3 Nc6 3. Bb5 a6 4. Ba4 d6 5. Bxc6+ bxc6 6. d4 exd4 7. Qxd4 c5 8. Qd3 Nf6 9. Nc3 Be7 10. Bg5 O-O 11. O-O-O Rb8 12. e5 dxe5 13. Qxd8 Rxd8 14. Rxd8+ Bxd8 15. Nxe5 h6 16. Be3 Bb7 17. f3 Be7 18. Nc4 Kf8 19. Rd1 Bc8 20. Ne5 Bb7 21. Na4 Re8 22. Nxc5 Bxc5 23. Bxc5+ Kg8 24. Nc4 Nd5 25. g3 Nf6 26. Rd3 Re2 27. Bd4 Nd5 28. Na5 Bc8 29. Bc5 Be6 30. c4 Nb6 31. b3 Rxa2 32. Nc6 Rxh2 33. g4 h5 34. g5 h4 35. Rd4 Rh1+ 36. Kb2 Rh2+ 37. Ka3 Nd7 38. Bb4 Nb6 39. Be1 h3 40. Ne7+ Kf8 41. Bb4 a5 42. Bc5 Ke8 43. Nc6 Nd7 44. Ba7 Rh1 45. Rh4 Nf8 46. Bc5 Kd7 47. Ne5+ Kc8 48. Bxf8 h2 49. Kb2 Bf5 50. Ng4 Rb1+ 51. Ka3 h1=Q 52. Rxh1 Rxh1 53. Ne3 Be6 54. Bxg7 Rh3 55. Nc2 Rxf3 56. Nd4 Rg3 57. Bf6 Bxc4 58. Ka4 Be6 59. Ka3 Kd7 60. Ka4 c5 61. Nb5 Bxb3+ 62. Kxa5 Kc6 63. Na7+ Kd5 64. Nb5 Bc4 65. Nc3+ Kc6 66. Ka4 Be6 67. Ka5 c4 68. Kb4 Kd6 69. Ne4+ Kd5 70. Nxg3 Bg4 71. Kc3 Bf3 72. Nf1 Be2 73. Ne3+ Kc5 74. Bd4+ Kb5 75. Bf6 Kc5 76. Nc2 Bd3 77. Nd4 Bg6 78. Nf3 Kb5 79. Ne5 Bh5 80. Kd4 Kb6 81. Nxc4+ Kc6 82. Ke5 Kd7 83. Nd6 Bg6 84. Nf5 Ke8 85. Nh4 Bh5 86. Kf5 Kf8 87. Bd4 Kg8 88. Kf6 Kf8 89. Nf5 Kg8 90. Nh6+ Kf8 91. Bc5+ Ke8 92. Nf5 Bg6 93. Nd6+ Kd7 94. Nxf7 Bh5 95. Ne5+ Ke8 96. Ng6 Kd7 97. Ba3 Kc6 98. Nf4 Be8 99. Ke7 Bd7 100. g6 Bc8 101. g7 Bf5 102. g8=Q Be4 103. Qc4+ Kb6 104. Qc5+ Kb7 105. Kd6 Bc6 106. Qb4+ Ka7 107. Qa5+ Kb8 108. Qc7+ Ka8 109. Bc5 Bb7 110. Qd8+ Bc8 111. Qxc8# 1-0


[Site "https://www.chess.com"]

[Event "Titled Tuesday Blitz November 16 2021"]
[White "Sadhwani, Raunak"]
[Black "Seo, Jung Min"]
[WhiteFideId "35093487"]
[BlackFideId "1734687"]
[WhiteElo "2517"]
[BlackElo "2472"]
[Result "1-0"]
[Round "03"]
[TimeControl "180+1"]
[Date "2021.11.16"]
[WhiteClock "0:00:13"]
[BlackClock "0:00:01"]

1. c4 e5 2. d3 Nf6 3. Nf3 Nc6 4. Nc3 Bb4 5. Bd2 O-O 6. e3 Re8 7. Be2 d5 8. cxd5 Nxd5 9. Rc1 Nb6 10. O-O Bf5 11. a3 Bf8 12. Ne4 Qd7 13. b4 a6 14. Bc3 Rad8 15. Qc2 f6 16. Rfd1 Kh8 17. Bb2 Nd5 18. Kh1 Bg4 19. h3 Bh5 20. g4 Bg6 21. Nh4 Bf7 22. Rg1 Be6 23. Rg3 a5 24. bxa5 Nxa5 25. Rcg1 c5 26. Nf5 b5 27. Bf3 c4 28. d4 Nc6 29. Nc5 Bxc5 30. dxc5 b4 31. Nd6 c3 32. Bc1 Rf8 33. Qd3 Nde7 34. axb4 Nxb4 35. Qxc3 Nbd5 36. Qd3 Qc6 37. Ba3 Qa4 38. Rc1 Ra8 39. Bb2 Nb4 40. Qd2 Bd5 41. Bxd5 Nexd5 42. e4 Nf4 43. Ra3 Qc6 44. Qxb4 1-0


[Site "https://www.chess.com"]

[Event "Titled Tuesday Blitz November 16 2021"]
[White "Samunenkov, Ihor"]
[Black "Andreikin, Dmitry"]
[WhiteFideId "14187086"]
[BlackFideId "4158814"]
[WhiteElo "2348"]
[BlackElo "2736"]
[Result "0-1"]
[Round "03"]
[TimeControl "180+1"]
[Date "2021.11.16"]
[WhiteClock "0:00:06"]
[BlackClock "0:01:01"]

1. d4 Nf6 2. c4 e6 3. Nf3 b6 4. g3 Bb7 5. Bg2 Bb4+ 6. Bd2 a5 7. O-O O-O 8. a3 Bxd2 9. Nbxd2 a4 10. Rc1 d6 11. Nb1 Ra5 12. Nc3 Qe8 13. Qc2 Nc6 14. Rfd1 Ne7 15. e3 Qa8 16. Ne1 Bxg2 17. Nxg2 Ng6 18. Qe2 h5 19. h4 Re8 20. e4 e5 21. d5 Nf8 22. Ne3 N8d7 23. Nf1 Nc5 24. Nd2 Qc8 25. f3 Qh3 26. Qg2 Qxg2+ 27. Kxg2 Kf8 28. Kf1 Ke7 29. Ke2 Kd7 30. Rc2 Raa8 31. Nb5 Rg8 32. Rh1 g5 33. hxg5 Rxg5 34. Nf1 Rag8 35. Rc3 Nh7 36. Re3 f5 37. exf5 Nf6 38. Nc3 Rxf5 39. Rh4 Rf8 40. Nd2 Rg5 41. Nf1 Ne8 42. Kf2 Ng7 43. f4 Rg6 44. Ne4 Nf5 45. Nxc5+ bxc5 46. Rxh5 Nxe3 47. Kxe3 exf4+ 48. gxf4 Rg2 49. Nd2 Re8+ 50. Kd3 Rg3+ 51. Kc2 Re2 52. Rh7+ Kc8 53. Rh8+ Kb7 54. Rh1 Rf2 55. Re1 Rgg2 56. Rd1 Rxf4 57. Kc3 Rg3+ 58. Kc2 Rf2 59. Re1 Rgg2 60. Rd1 Rf4 61. Kc3 Rd4 62. Kc2 Rxc4+ 0-1


[Site "https://www.chess.com"]